 Dungeon Crawl Stone Soup version 0.21-a0-2-ge494091 (webtiles) character file.

66 Klosterheim the Bolt Thrower (level 4, 0/28 HPs)
             Began as a Kobold Hunter on May 21, 2017.
             Succumbed to an adder's poison
             ... on level 2 of the Dungeon.
             The game lasted 00:04:21 (1802 turns).

Klosterheim the Bolt Thrower (Kobold Hunter)        Turns: 1802, Time: 00:04:21

Health: 0/28       AC:  2    Str: 20    XL:     4   Next: 37%
Magic:  4/4        EV: 15    Int: 12    God:
Gold:   102        SH:  0    Dex: 16    Spells: 3/3 levels left

rFire    + . .     SeeInvis .   b - +0 short sword
rCold    . . .     Gourm    .   (shield restricted)
rNeg     . . .     Faith    .   h - +0 robe (curse)
rPois    .         Spirit   .   (no helmet)
rElec    .         Reflect  .   (no cloak)
rCorr    .         Harm     .   (no gloves)
MR       .....                  (no boots)
Stlth    ++........             (no amulet)
Regen    0.1/turn               e - ring of protection from fire
MPRegen  0.1/turn               l - +6 ring of strength

@: mighty, lethally poisoned (0 -> -6), hasted, very quick
A: carnivore 3
a: no special abilities


You were on level 2 of the Dungeon.
You were completely stuffed.

You visited 1 branch of the dungeon, and saw 2 of its levels.

You collected 102 gold pieces.

Inventory:

Hand Weapons
 a - a +2 hand crossbow
 b - a +0 short sword (weapon)
Missiles
 d - 32 bolts
Armour
 c - a +0 leather armour
 h - a cursed +0 robe (worn)
 p - a +0 chain mail
Jewellery
 e - a ring of protection from fire (left hand)
 l - a +6 ring of strength (right hand)
Scrolls
 m - a scroll of identify
Potions
 i - a potion of flight
Comestibles
 f - 3 meat rations
 g - a chunk of flesh
 j - a royal jelly


   Skills:
 + Level 3.0 Fighting
 * Level 4.1 Short Blades
 - Level 4.8 Crossbows
 - Level 2.4 Dodging
 - Level 1.3 Stealth


You had 3 spell levels left.
You didn't know any spells.

Dungeon Overview and Level Annotations

Branches:
Dungeon (2/15)

Altars:
Makhleb
Okawaru
Trog
Vehumet


Innate Abilities, Weirdness & Mutations

You are small and have problems with some larger weapons.
You are carnivorous and can eat meat at any time.


Message History

You feel sick. The bat barely misses you.
Unknown command.
Okay, then.
You are too injured to fight recklessly!
You are too injured to fight recklessly!
You are too injured to fight recklessly!
You hit the adder.
You kill the adder!
Your Fighting skill increases to level 3!
Your Short Blades skill increases to level 4!
The bat misses you.
* * * LOW HITPOINT WARNING * * *
You feel sick. The bat hits you but does no damage. The bat misses you.
* * * LOW HITPOINT WARNING * * *
You feel sick. The bat hits you but does no damage.
You miss the bat. The bat barely misses you.
You hit the bat.
You kill the bat!
You die...

........⌠............##,,,,,,,,,,
..#####...#####.......+,,,,,,,,,,
.##...'#.#'...##.....##,,,,,,,,,,
.#.8...#.#...8.#####.#*******,,,,
,#.._..#.#.._..#####'#######*,,,,
,#.8.8.#.#.8.8.#...........#*,,,,
,##...##.##...##.........#.#*,,,,
,*#####...#####..........#,**,,,,
,**,,,*#..****#.@..?.....#,**,,,,
,,+,,,.....,,,+....(....)#,**,,,,
###...###.#***#..........#,**,,,,
...#*** *.# #..........#,,+,,,,
##+#*****,****#..........#***,,,,
*,,,,,........#..........# *+,,<,
*,,,,.........#....(.....#**+,,,,
*,,,..........####.#......,,,,,,,
***,,.........+,,*,*,,,,,,,,,,,,,


There were no monsters in sight!

Vanquished Creatures
  4 adders (D:2)
  A worm (D:2)
  A dart slug (D:1)
  A leopard gecko (D:2)
  4 bats
  3 goblins
  A hobgoblin (D:1)
  4 kobolds (D:1)
  7 frilled lizards
  2 rats (D:1)
28 creatures vanquished.

Notes
Turn   | Place    | Note
-------+----------+-------------------------------------------
     0 | D:1      | Klosterheim the Kobold Hunter began the quest for the Orb.
     0 | D:1      | Reached XP level 1. HP: 12/12 MP: 1/1
   229 | D:1      | Reached skill level 1 in Short Blades
   434 | D:1      | Reached XP level 2. HP: 15/18 MP: 2/2
  1196 | D:2      | Reached XP level 3. HP: 19/22 MP: 3/3
  1597 | D:2      | Found an iron altar of Okawaru.
  1724 | D:2      | Found a bloodstained altar of Trog.
  1727 | D:2      | Reached XP level 4. HP: 27/27 MP: 4/4
  1738 | D:2      | Found a radiant altar of Vehumet.
  1747 | D:2      | Found a burning altar of Makhleb.
  1799 | D:2      | HP: 1/28 [poisoned by an adder]
  1802 | D:2      | Succumbed to an adder's poison

Vault maps used:
D:1:      ncdulo_watergridlock
D:2:      minmay_kobold_bridge, grunt_temple_overflow_cloverleaf, first_bread

Skill      XL: |  1  2  3  4 |
---------------+-------------+-----
Short Blades   | 1 3 4 |  4.1
Fighting       | 3 |  3.0
Crossbows      | |  4.8
Dodging        | |  2.4
Stealth        | |  1.3

Action                   |  1- 3 |  4- 6 || total
-------------------------+-------+-------++-------
Melee: Short sword       |    72 |     6 ||    78
 Fire: Hand crossbow     |     9 |     3 ||    12
  Use: Scroll            |     4 |       ||     4
       Potion            |       |     2 ||     2
 Stab: Sleeping          |     2 |       ||     2
  Eat: Chunk             |    11 |       ||    11
Armor: Leather armour    |     2 |       ||     2
       Robe              |    12 |     2 ||    14
Dodge: Dodged            |    57 |    17 ||    74
